 Dungeon Crawl Stone Soup version 0.30-a0-465-g8901f6c8b5 (webtiles) character file.

Game seed: 13129335204693402401

106 DeathPants the Grave Robber (level 4, -10/14 (21) HPs)
             Began as a Vine Stalker Necromancer on Dec 17, 2022.
             Mangled by an ogre
             ... wielding a +0 giant spiked club
              (15 damage)
             ... on level 3 of the Dungeon.
             The game lasted 00:09:26 (2413 turns).

DeathPants the Grave Robber (VSNe)                  Turns: 2413, Time: 00:09:26

HP:   -10/14 (21)   AC:  3    Str: 11    XL:     4   Next: 84%
MP:   0/9           EV: 12    Int: 15    God:
Gold: 147           SH:  0    Dex: 16    Spells: 7/9 levels left

rFire   + . .      SeeInvis +    i - +0 dagger
rCold   . . .      Faith    .    (no shield)
rNeg    . . .      Spirit   +    a - +0 robe
rPois   .          Reflect  .    (no helmet)
rElec   .          Harm     .    f - +0 cloak
rCorr   .          Rampage  .    (no gloves)
Will    .....                    (no boots)
Stlth   ++........               (no amulet)
HPRegen 1.02/turn                g - ring of protection from fire
MPRegen 0.11/turn                c - ring of see invisible

@: very heavily drained
A: fangs 2, regeneration 1, magic shield, antimagic bite, no potion heal 2
a: no special abilities


You were on level 3 of the Dungeon.
You visited 1 branch of the dungeon, and saw 4 of its levels.

You collected 147 gold pieces.

Inventory:

Hand Weapons
 i - a +0 dagger (weapon)
Missiles
 n - 2 javelins
Armour
 a - a +0 robe (worn)
 f - a +0 cloak (worn)
Jewellery
 c - a ring of see invisible (right hand)
 g - a ring of protection from fire (left hand)
Scrolls
 e - a scroll of teleportation
 h - a scroll of silence {unknown}
 j - a scroll of enchant armour {unknown}
 k - a scroll of amnesia {unknown}
 o - a scroll of vulnerability
Potions
 b - a potion of magic
 d - a potion of lignification
 l - a potion of resistance


   Skills:
 - Level 0.6 Fighting
 - Level 1.8 Dodging
 - Level 2.8 Stealth
 + Level 3.2 Spellcasting
 + Level 1.7 Conjurations
 + Level 4.6 Necromancy


You had 7 spell levels left.
You knew the following spells:

 Your Spells              Type           Power      Damage    Failure   Level
a - Necrotise             Necr           64%        1d7       3%          1
b - Kiss of Death         Conj/Necr      48%        2d9       5%          1

Your spell library contained the following spells:

 Spells                   Type           Power      Damage    Failure   Level
 Vampiric Draining        Necr           16%        2d7       9%          3
 Magic Dart               Conj           28%        1d4       10%         1
 Searing Ray              Conj           14%        2d5       14%         2
 Animate Dead             Necr           16%        N/A       28%         4
 Dispel Undead            Necr           16%        3d10      28%         4
 Confusing Touch          Hex            2%         N/A       52%         3
 Agony                    Necr           16%        N/A       63%         5
 Fulminant Prism          Conj/Hex       2%         3d5       80%         4


Dungeon Overview and Level Annotations

Branches:
Dungeon (4/15)
 Temple: D:4-7

Altars:

Annotations:
D:4 Eustachio


Innate Abilities, Weirdness & Mutations

You have extremely sharp teeth.
Your natural rate of healing is unusually fast.
When hurt, damage is shared between your health and your magic reserves.
Your bite disrupts and absorbs the magic of your enemies.
Potions cannot restore your health.


Message History

Casting: Necrotise (safe; 3% risk of failure)
Confirm with . or Enter, or press ? or * to list all spells.
Aiming: Kiss of Death (safe; 5% risk of failure)
Press: ? - help, Shift-Dir - straight line, f/p - orc
Aim: an orc, wielding a +3 vorpal hand axe (moderately wounded, 100% to hit)
The negative energy hits the orc!
The orc is drained!
You kill the orc!
You feel drained.
The kobold throws a stone.
The stone barely misses you.
Things that are here:
a +3 vorpal hand axe; an orc corpse The kobold throws a stone.
The stone closely misses you.
There is a stone staircase leading up here.
The kobold throws a stone.
The stone misses you.
You climb upwards.
There is a stone staircase leading down here.
An ogre comes into view. It is wielding a +0 giant spiked club.
Casting: Kiss of Death (safe; 5% risk of failure)
Confirm with . or Enter, or press ? or * to list all spells.
Aiming: Kiss of Death (safe; 5% risk of failure)
Press: ? - help, Shift-Dir - straight line, f - ogre
Aim: an ogre, wielding a +0 giant spiked club (wandering, hasn't noticed you, 100% to hit)
The negative energy hits the ogre!
The ogre is drained!
The ogre is heavily wounded.
The ogre shouts!
You feel drained.
The ogre hits you with a +0 giant spiked club!!
Ouch! That really hurt!
* * * LOW HITPOINT WARNING * * *
You hit the ogre.
The ogre is severely wounded.
An orc comes into view. It is wielding a +0 short sword.
The orc shouts!
You hit the ogre. You bite the ogre. You drain its power.
You feel invigorated.
The ogre is severely wounded.
The ogre barely misses you.
You hit the ogre but do no damage. You bite the ogre, but do no damage.
The ogre is severely wounded.
The ogre hits you with a +0 giant spiked club!!
Ouch! That really hurt!
You die...

.......#.. ..#.#.....
.......# ###.#.....
###.########......$..
#......##........#
###......##........
.>#......##....#+####
#.#......''..........
#.##...<.##....#######..
#.##.....##..>..@O..o'..
#.##..)..##...########..
#.##.....##.....
#.##......+....##
#.#...#####....# #.#...
...... ..#... ##.#..#
### #.#...


You could see an ogre (drained) and an orc.

Vanquished Creatures
  3 adders (D:2)
  5 orcs
  7 bats
  7 endoplasms
  3 giant cockroaches
  5 goblins
  4 hobgoblins
  10 jackals
  A quokka (D:1)
  4 ball pythons
  4 frilled lizards
  2 kobolds
  5 rats
60 creatures vanquished.

Vanquished Creatures (collateral kills)
  A giant cockroach (D:1)
  A ball python (D:2)
  A bat (D:1)
  3 frilled lizards
  A rat (D:1)
7 creatures vanquished.

Grand Total: 67 creatures vanquished

Notes
Turn   | Place    | Note
-------+----------+-------------------------------------------
     0 | D:1      | DeathPants the Vine Stalker Necromancer began the quest for
                  | the Orb.
     0 | D:1      | Reached XP level 1. HP: 9/9 MP: 4/4
   150 | D:1      | Reached XP level 2. HP: 9/14 MP: 0/6
   394 | D:1      | Learned a level 1 spell: Kiss of Death
   430 | D:1      | Reached XP level 3. HP: 14/17 MP: 4/7
   983 | D:2      | Reached skill level 1 in Conjurations
   990 | D:2      | Gained mutation: Your natural rate of healing is unusually
                  | fast. [Vine Stalker growth]
   990 | D:2      | Reached XP level 4. HP: 16/21 MP: 0/9
  1516 | D:2      | Found a faded altar of an unknown god.
  2058 | D:4      | Noticed a phantom
  2159 | D:4      | Noticed Eustachio
  2406 | D:3      | Noticed an ogre
  2413 | D:3      | Mangled by an ogre

Illustrated notes

Levels and vault maps discovered:
D:1:      lightli_arrival_lavapool, layout_rooms
D:2:      layout_loops_corners, nicolae_ecumenical_lake_church,
          minmay_crystal_water, wad_floor_pattern_2
D:3:      layout_basic, kennysheep_pointless_box
D:4:      layout_cave_pools, makhleb_blood_cavern_becter, cheibriados_altar_1,
          sigmund_edmund_badplayer, uniq_robin, uniq_eustachio, uniq_natasha

Skill      XL: |  1  2  3  4 |
---------------+-------------+-----
Conjurations   | 1 |  1.7
Spellcasting   | 3 |  3.2
Fighting       | |  0.6
Dodging        | |  1.8
Stealth        | |  2.8
Necromancy     | |  4.6

Action                   |  1- 3 |  4- 6 || total
-------------------------+-------+-------++-------
Melee: Unarmed           |    19 |       ||    19
       Dagger            |    40 |    37 ||    77
       Bite              |    15 |     9 ||    24
 Cast: Necrotise         |    44 |    26 ||    70
       Kiss of Death     |       |     2 ||     2
  Use: Scroll            |       |     7 ||     7
 Stab: Sleeping          |       |     3 ||     3
Armor: Robe              |    17 |    11 ||    28
Dodge: Dodged            |    54 |    31 ||    85

Table legend: (Time is in decaauts)
 A = Elapsed time spent in this place.
 B = Non-inter-level travel time spent in this place.
 C = Inter-level travel time spent in this place.
 D = Time resting spent in this place.
 E = Time spent auto-exploring this place.
 F = Levels seen in this place.
 G = Mean time per level.
                   A        B        C        D        E       F      G
               +--------+--------+--------+--------+--------+-----+--------+
         Total |   2461 |   2403 |     58 |    100 |   1709 |   4 |  615.2 |
       Dungeon |   2461 |   2403 |     58 |    100 |   1709 |   4 |  615.2 |
               +--------+--------+--------+--------+--------+-----+--------+

Top non-repeatable levels by time:
     D:2: 1195 daAuts
     D:1: 869 daAuts
     D:3: 374 daAuts
     D:4: 23 daAuts
